Map: Ulrena

Players

Kinder - Winner!

  • Race: Terran Terran
  • League: Master

Tool

  • Race: Terran Terran
  • League: Master

VOD

Have the link to the VOD?

Description

Time

  • Played on: Jan. 31, 2016, 9 a.m.
  • Length: 7:27
Show
View Real Time Build Order
Export as new Build Order

Kinder Terran - Winner!

Build Orders:  

Get SALT Encoding   

  12  0:01  SCV  
  13  0:13  SCV  
  14  0:18  Supply Depot  
  14  0:25  SCV  
  15  0:34  Refinery  
  15  0:39  SCV  
  16  0:45  Barracks  
  16  0:51  SCV  
  17  1:01  Refinery  
  17  1:03  SCV  
  18  1:12  Barracks  
  18  1:20  SCV  
  19  1:32  Reaper  
  20  1:35  Orbital Command  
  20  1:43  Supply Depot  
  20  1:59  Reaper  
  20  2:01  Refinery  
  20  2:02  SCV  
  20  2:07  Reaper  
  22  2:14  SCV  
  23  2:26  SCV  
  24  2:31  Reaper  
  25  2:38  SCV  
  25  2:39  Marine  
  27  2:50  SCV  
  28  2:52  Factory  
  28  2:57  Reaper  
  29  3:02  SCV  
  30  3:10  Reaper  
  31  3:22  Supply Depot  
  31  3:43  Reaper x2, SCV  
  33  3:52  Factory Reactor  
  33  3:55  SCV  
  33  3:57  Starport  
  33  3:59  Command Center  
  33  4:07  SCV  
  32  4:12  Supply Depot  
  33  4:19  SCV  
  33  4:20  Barracks  
  34  4:29  Barracks Reactor  
  34  4:30  Barracks Tech Lab  
  33  4:32  SCV  
  33  4:35  Medivac, Hellion x2  
  40  4:40  Supply Depot  
  40  4:44  SCV  
  41  4:55  Stimpack  
  41  4:56  SCV  
  41  4:58  Hellion x2  
  46  5:00  Supply Depot  
  43  5:17  SCV  
  43  5:19  Hellion  
  46  5:24  Barracks Reactor  
  46  5:28  Medivac  
  46  5:29  SCV  
  46  5:31  Marine  
  46  5:32  Marine  
  46  5:35  Engineering Bay  
  51  5:40  Marine, Orbital Command  
  51  5:41  SCV  
  53  5:48  Barracks  
  53  5:49  Marine x2  
  54  5:52  Factory Tech Lab  
  54  5:53  SCV  
  56  5:58  Marine  
  57  6:05  SCV  
  58  6:14  Marine x4  
  58  6:16  Marine  
  63  6:27  Missile Turret  
  63  6:28  SCV x2  
  63  6:30  Missile Turret  
  63  6:32  Marine x4  
  69  6:34  Missile Turret  
  69  6:37  Marine, Supply Depot  
  70  6:40  SCV x2  
  70  6:46  Viking  
  74  6:49  Marine  
  75  6:55  Marine, SCV  
  75  6:56  SCV  
  75  6:58  Marine x2  
  75  7:00  Refinery  
  75  7:01  Marine  
  81  7:02  Refinery  
  81  7:07  Marine  
  81  7:08  SCV  
  86  7:11  Supply Depot  
  86  7:20  Starport Reactor  
Show
View Real Time Build Order
Export as new Build Order

Tool Terran 

Build Orders: Command Center First (CC) 

Get SALT Encoding   

  12  0:00  SCV  
  13  0:12  SCV  
  14  0:18  Supply Depot  
  14  0:24  SCV  
  15  0:39  SCV  
  16  0:51  SCV  
  17  1:04  Command Center  
  17  1:09  Refinery  
  17  1:19  Barracks  
  17  1:23  SCV  
  18  1:35  SCV  
  19  1:41  Barracks  
  19  1:56  Barracks  
  19  2:07  Marine  
  20  2:15  Orbital Command  
  20  2:25  Marine  
  20  2:29  Marine  
  22  2:33  SCV  
  22  2:42  SCV  
  22  2:49  Marine  
  22  2:56  Marine x2  
  24  3:06  Marine  
  24  3:13  Marine  
  24  3:19  Marine, SCV  
  24  3:24  Marine  
  24  3:25  Bunker  
  25  3:33  Marine  
  25  3:37  Marine  
  25  3:42  Marine  
  22  3:51  Marine  
  22  3:55  Marine  
  20  4:00  Marine  
  21  4:09  Marine  
  19  4:13  Marine  
  19  4:15  Orbital Command  
  20  4:20  Marine  
  20  4:23  SCV  
  22  4:27  Marine  
  23  4:39  Orbital Command  
  23  4:40  Factory  
  23  4:47  SCV  
  24  4:59  Marine x2, SCV  
  24  5:09  Marine  
  24  5:11  SCV  
  23  5:16  Marine  
  23  5:17  Marine  
  23  5:18  SCV  
  25  5:26  Starport  
  25  5:27  Marine  
  26  5:30  SCV  
  26  5:35  SCV  
  28  5:43  SCV, Bunker  
  28  5:48  Factory Tech Lab  
  30  5:50  SCV  
  30  5:53  Marine x2  
  32  5:59  Marine  
  25  6:10  Marine  
  24  6:13  SCV  
  24  6:18  Banshee  
  20  6:48  Marine x2  
  22  6:58  SCV  
  23  7:04  SCV  
Tags
 
Add a new tag
Caveats
  • Supply blocks, unpowered buildings, or Contaminate may cause inaccurate times.
  • Supply counts are checked every 10 seconds.